 Dungeon Crawl Stone Soup version 0.29-a0-284-gf9362112df (webtiles) character file.

Game seed: 7979070182798991087

26 gzilladon the Sneak (level 2, 0/13 HPs)
             Began as a Spriggan Enchanter on Mar 24, 2022.
             Was a Follower of Fedhas.
             Frozen to death by an endoplasm (3 damage)
             ... on level 2 of the Dungeon.
             The game lasted 00:09:28 (1454 turns).

gzilladon the Sneak (Spriggan Enchanter)            Turns: 1454, Time: 00:09:28

Health: 0/13       AC:  2    Str:  4    XL:     2   Next: 89%
Magic:  7/7        EV: 17    Int: 16    God:    Fedhas [*.....]
Gold:   0          SH:  0    Dex: 15    Spells: 7/7 levels left

rFire   . . .      SeeInvis +   a - +1 dagger
rCold   . . .      Faith    .   (no shield)
rNeg    . . .      Spirit   .   b - +0 robe
rPois   .          Reflect  .   (helmet restricted)
rElec   .          Harm     .   (no cloak)
rCorr   .          Rampage  .   (gloves unavailable)
Will    .....                   (boots unavailable)
Stlth   +++.......              (no amulet)
HPRegen 0.04/turn               (no ring)
MPRegen 0.10/turn               (no ring)

@: invisible, very quick
A: very small, no large weapons, unfitting armour, see invisible, speed 3
a: Renounce Religion


You were on level 2 of the Dungeon.
You worshipped Fedhas.
Fedhas was aware of your devotion.
You visited 1 branch of the dungeon, and saw 2 of its levels.

Inventory:

Hand Weapons
 a - a +1 dagger (weapon)
Armour
 b - a +0 robe (worn)
 e - a +1 pair of boots
Potions
 d - 2 potions of lignification {unknown}
 f - a potion of brilliance {unknown}
 g - 2 potions of curing {unknown}


   Skills:
 + Level 1.2 Short Blades
 + Level 2.9 Dodging
 + Level 5.2 Stealth
 + Level 3.0 Spellcasting
 + Level 4.1 Hexes


You had 7 spell levels left.
You didn't know any spells.
Your spell library contained the following spells:

 Spells                   Type           Power      Damage    Failure   Level
 Confusing Touch          Hex            15%        N/A       11%         3
 Tukima's Dance           Hex            15%        N/A       11%         3
 Ensorcelled Hibernation  Hex/Ice        16%        N/A       12%         2
 Dazzling Flash           Conj/Hex       16%        N/A       24%         3


Dungeon Overview and Level Annotations

Branches:
Dungeon (2/15)

Altars:
Fedhas


Innate Abilities, Weirdness & Mutations

You are very small and have problems with some larger weapons.
You are too small for most types of armour.
You have supernaturally acute eyesight. (SInv)
You cover ground extremely quickly. (Speed+++)


Message History

The bat completely misses you.
You closely miss the bat. The bat barely misses you. x2
The bat completely misses you.
You closely miss the bat. The bat hits you.
You hit the bat but do no damage. The bat hits you but does no damage. x2
You hit the bat.
The bat is moderately wounded.
The bat barely misses you.
You barely miss the bat.
The bat is moderately wounded.
The bat hits you but does no damage. The bat barely misses you.
You hit the bat.
You kill the bat!
Fedhas appreciates your contribution to the ecosystem.
You start resting.
HP restored.
You see here a rat corpse.
An endoplasm comes into view.
The endoplasm quivers.
Found a hunting sling.
You hit the endoplasm.
The endoplasm is moderately wounded.
The endoplasm freezes you.
You are frozen.
You hit the endoplasm.
The endoplasm is heavily wounded.
The endoplasm freezes you.
You are frozen.
You hit the endoplasm but do no damage.
The endoplasm is heavily wounded.
You hit the endoplasm.
The endoplasm is severely wounded.
The endoplasm freezes you.
You are frozen.
* * * LOW HITPOINT WARNING * * *
You fade into invisibility!
The endoplasm freezes you.
You are frozen.
You die...
Fedhas appreciates your contribution to the ecosystem.

......)........
...##..............
...#.......#.......
.....##.<..#.......
......#..>.#.......
..................
...
..........J.......
#.. #.....@.......
#... ###.......#..#..
#...#####.†.......# #
........#.##+###.....
#.......#....+......
#.......#<...#.....#
+............+....##
#.......#....###...
..........##...#


You could see an endoplasm.

Vanquished Creatures
  3 dart slugs (D:1)
  2 ball pythons (D:1)
  3 endoplasms (D:1)
  3 goblins (D:1)
  3 hobgoblins (D:1)
  2 bats
  A kobold (D:1)
  A rat (D:2)
18 creatures vanquished.

Notes
Turn   | Place    | Note
-------+----------+-------------------------------------------
     0 | D:1      | gzilladon the Spriggan Enchanter began the quest for the
                  | Orb.
     0 | D:1      | Reached XP level 1. HP: 9/9 MP: 5/5
   166 | D:1      | Reached XP level 2. HP: 6/13 MP: 6/6
   565 | D:1      | Reached skill level 5 in Stealth
   574 | D:1      | Found a faded altar of an unknown god.
   577 | D:1      | Prayed at the altar of an unknown god.
   577 | D:1      | Became a worshipper of Fedhas Madash
   577 | D:1      | Reached * piety under Fedhas
  1454 | D:2      | Frozen to death by an endoplasm

Illustrated notes

Levels and vault maps discovered:
D:1:      dpeg_arrival_renting, layout_basic,
          hellmonk_ecumenical_altar_inner_sanctum
D:2:      layout_basic

Skill      XL: |  1  2 |
---------------+-------+-----
Stealth        | 5 |  5.2
Spellcasting   | 3 |  3.0
Hexes          | 4 |  4.1
Short Blades   | |  1.2
Dodging        | |  2.9

Action                   || total
-------------------------++-------
Melee: Dagger            ||    88
       Punch             ||     1
  Use: Potion            ||     4
 Stab: Invisible         ||     3
       Sleeping          ||     3
Armor: Robe              ||     7
Dodge: Dodged            ||    70

Table legend: (Time is in decaauts)
 A = Elapsed time spent in this place.
 B = Non-inter-level travel time spent in this place.
 C = Inter-level travel time spent in this place.
 D = Time resting spent in this place.
 E = Time spent auto-exploring this place.
 F = Levels seen in this place.
 G = Mean time per level.
                   A        B        C        D        E       F      G
               +--------+--------+--------+--------+--------+-----+--------+
         Total |   1193 |   1180 |     13 |    681 |      0 |   2 |  596.5 |
       Dungeon |   1193 |   1180 |     13 |    681 |      0 |   2 |  596.5 |
               +--------+--------+--------+--------+--------+-----+--------+

Top non-repeatable levels by time:
     D:1: 991 daAuts
     D:2: 202 daAuts
